 Dungeon Crawl Stone Soup version 0.27.1-33-g824d729ab1 (webtiles) character file.

Game seed: 941589644818768062

53 MisterFreud the Ducker (level 3, -1/25 HPs)
             Began as a Felid Berserker on Dec 30, 2021.
             Was a Believer of Trog.
             Killed from afar by Sigmund (12 damage)
             ... with a magic dart
             ... on level 3 of the Dungeon.
             The game lasted 00:01:42 (2031 turns).

MisterFreud the Ducker (Felid Berserker)            Turns: 2031, Time: 00:01:42

Health: -1/25      AC:  1    Str: 13    XL:     3   Next: 62%
Magic:  4/4        EV: 18    Int:  8    God:    Trog [**....]
Gold:   24         SH:  0    Dex: 16    Spells: 2/2 levels left
                                        Lives:  0   Deaths: 0

rFire    . . .     SeeInvis +     - Unarmed
rCold    . . .     Faith    .   (shield unavailable)
rNeg     . . .     Spirit   .   (armour unavailable)
rPois    .         Reflect  .   (helmet unavailable)
rElec    .         Harm     .   (cloak unavailable)
rCorr    .         Rampage  .   (gloves unavailable)
Will     .....                  (boots unavailable)
Stlth    ..........             (no amulet)
HPRegen  0.08/turn              d - ring of flight
MPRegen  0.09/turn              (no ring)

@: berserking, flying, very quick
A: very small, claws 1, fangs 3, see invisible, speed 1, shaggy fur 1, stealthy
paws, no weapons or thrown items, no armour, multi-lived
a: Renounce Religion, Berserk, Trog's Hand


You were on level 3 of the Dungeon.
You worshipped Trog.
Trog was pleased with you.
You visited 1 branch of the dungeon, and saw 3 of its levels.

You collected 24 gold pieces.

Inventory:

Jewellery
 d - a ring of flight (left paw)
Scrolls
 a - 3 scrolls of identify {unknown}
 b - a scroll of vulnerability {unknown}
 e - a scroll of noise {unknown}
Potions
 c - a potion of attraction {unknown}


   Skills:
 - Level 3.0 Fighting
 - Level 4.0 Dodging
 + Level 3.3 Stealth
 + Level 3.9 Unarmed Combat


You had 2 spell levels left.
You didn't know any spells.
Your spell library was empty.

Dungeon Overview and Level Annotations

Branches:
Dungeon (3/15)

Altars:

Annotations:
D:3 Sigmund


Innate Abilities, Weirdness & Mutations

You have sharp claws.
You have razor-sharp teeth.
You have supernaturally acute eyesight. (SInv)
You cover ground quickly. (Speed+)
You are covered in fur. (AC +1)
Your paws help you pounce on unaware monsters.
You are incapable of wielding weapons or throwing items.
You cannot wear armour.
You gain extra lives every three experience levels.


Message History

You scratch the gnoll. You bite the gnoll.
The gnoll is heavily wounded.
The gnoll hits you with a +0 club.
You are too injured to fight recklessly!
You closely miss the gnoll.
The gnoll is heavily wounded.
The gnoll completely misses you. The gnoll hits you with a +0 club.
* * * LOW HITPOINT WARNING * * *
You are too injured to fight recklessly!
There is a stone staircase leading down here.
You fly downwards.
There is a stone staircase leading up here.
You start resting.
HP restored.
Found 11 gold pieces.
Found 9 gold pieces.
An adder comes into view.
You see here 11 gold pieces.
An adder is nearby!
An adder is nearby!
An orc and Sigmund come into view.
The adder hisses angrily.
An orc comes into view. It is wielding a +0 whip.
The orc moves out of view.
A red film seems to cover your vision as you go berserk!
You feel yourself moving faster!
You feel mighty!
The orc shouts!
You hear a shout! x2
The adder completely misses you. The adder closely misses you.
Sigmund hits you from afar with a +0 scythe!
Ouch! That really hurt!
You claw the adder!
You kill the adder!
Trog accepts your kill.
An orc comes into view. It is wielding a +0 club.
The orc shouts!
You scratch Sigmund.
Sigmund is lightly wounded.
Sigmund casts a spell at you. The magic dart hits you!
You die...

..... ..o.. #..o#
#...# #...# .o.
#@# #@# #.# ###
####.###....
#######.......$...
#.......##$.......
#<####............
#.# #...####.....
#.#......# .....
#.#.##.#.# ###.


You could see Sigmund and 3 orcs.

Vanquished Creatures
  A gnoll (D:1)
  An adder (D:3)
  A dart slug (D:1)
  7 endoplasms
  A giant cockroach (D:2)
  2 goblins (D:1)
  2 hobgoblins (D:1)
  4 ball pythons (D:1)
  2 bats (D:1)
  3 frilled lizards
  4 kobolds
  3 rats (D:1)
31 creatures vanquished.

Notes
Turn   | Place    | Note
-------+----------+-------------------------------------------
     0 | D:1      | MisterFreud the Felid Berserker began the quest for the
                  | Orb.
     0 | D:1      | Reached XP level 1. HP: 10/10 MP: 2/2
    26 | D:1      | Reached skill level 1 in Stealth
   331 | D:1      | Reached XP level 2. HP: 14/14 MP: 3/3
   610 | D:1      | Found a faded altar of an unknown god.
   768 | D:1      | Reached XP level 3. HP: 11/17 MP: 4/4
  1038 | D:1      | You fall into a shaft and drop 1 floor!
  1452 | D:1      | Reached ** piety under Trog
  2025 | D:3      | Noticed Sigmund
  2031 | D:3      | Killed from afar by Sigmund

Illustrated notes

Levels and vault maps discovered:
D:1:      arrival_zaba_pyramid, layout_basic,
          shapermc_ecumenical_altar_acropolis, minmay_shallow_snake_nest
D:2:      layout_loops_ring
D:3:      layout_loops_cross, evilmike_ruin_ashenzari, uniq_crazy_yiuf_cottage,
          uniq_sigmund, uniq_terence

Skill      XL: |  1  2  3 |
---------------+----------+-----
Stealth        | 1 2 3 |  3.3
Fighting       | |  3.0
Dodging        | |  4.0
Unarmed Combat | |  3.9

Action                   || total
-------------------------++-------
Melee: Unarmed           ||    79
       Bite              ||    10
Invok: Berserk           ||     4
 Stab: Sleeping          ||     6
       Distracted        ||     1
Armor: Skin              ||     3
Dodge: Dodged            ||    77
